 Dungeon Crawl Stone Soup version 0.24-a0-355-gbe4061de67 (webtiles) character file.

Game seed: 11694797453774931075

591811 Borgoz the Slayer (level 27, -2/186 HPs)
             Began as a Gargoyle Gladiator on May 20, 2019.
             Was the Champion of Ashenzari.
             Slain by a death scarab (7 damage)
             ... on level 1 of the Tomb of the Ancients on May 24, 2019.
             The game lasted 03:14:18 (64474 turns).

Borgoz the Slayer (Gargoyle Gladiator)             Turns: 64474, Time: 03:14:19

Health: -2/186     AC: 55    Str: 28    XL:     27
Magic:  0/30       EV: 10    Int:  9    God:    Ashenzari [******]
Gold:   5218       SH:  0    Dex: 19    Spells: 33/36 levels left

rFire    + . .     SeeInvis +   b - +5 executioner's axe (holy)
rCold    + . .     Gourm    .   (shield currently unavailable)
rNeg     + . .     Faith    .   A - +0 gold dragon scales
rPois    ∞         Spirit   +   y - +2 helmet
rElec    +         Reflect  .   H - scarf {cloud immunity}
rCorr    .         Harm     .   G - +2 pair of gloves {archery}
MR       ++...     Clarity  +   I - +1 pair of boots of the Morning {Dex+5}
Stlth    ..........             B - amulet of guardian spirit
HPRegen  0.41/turn              W - +5 ring of slaying
MPRegen  0.22/turn              d - +5 ring of slaying

@: marked, flying, held, slowed, very slow
A: big wings, negative energy resistance 1, electricity resistance, unbreathing,
petrification resistance, rot immunity, AC +20
}: 3/15 runes: barnacled, silver, gossamer
a: Stop Flying, Curse Item, Scrying, Transfer Knowledge, Renounce Religion


You were on level 1 of the Tomb of the Ancients.
You worshipped Ashenzari.
Ashenzari was exalted by your worship.
You were not hungry.

You visited 11 branches of the dungeon, and saw 48 of its levels.
You visited the Abyss 1 time.
You also visited: Gauntlet, Ice Cave, Volcano and Wizlab.

You collected 10048 gold pieces.
You spent 4830 gold pieces at shops.

Inventory:

Hand Weapons
 a - the +10 battleaxe "Aghaurph" {speed, rElec MR- Dex+5}
   (You found it on level 4 of the Shoals)

   Attacks with this weapon are significantly faster.
   It affects your dexterity (+5).
   It insulates you from electricity.
   It affects your resistance to hostile enchantments.
 b - a +5 executioner's axe of holy wrath (weapon)
 l - the cursed +3 broad axe "Tutt" {flame, Int+4 Dex+4 Stlth-}
   (You found it on level 3 of the Crypt)

   It has been specially enchanted to burn those struck by it, causing extra
   injury to most foes and up to half again as much damage against particularly
   susceptible opponents.
   Big, fiery blades are also staple armaments of hydra-hunters.
   It affects your intelligence (+4).
   It affects your dexterity (+4).
   It makes you less stealthy.
   It has a curse placed upon it.
Missiles
 P - 13 throwing nets (quivered)
Armour
 y - a +2 helmet (worn)
 A - +0 gold dragon scales (worn)
 G - a +2 pair of gloves of archery (worn)
 H - a scarf of cloud immunity (worn)
 I - the +1 pair of boots of the Morning (worn) {Dex+5}
   (You bought it in a shop on level 2 of the Orcish Mines)

   It affects your dexterity (+5).
Jewellery
 d - a +5 ring of slaying (right hand)
 n - an uncursed amulet of rage
 o - an uncursed ring of protection from fire
 x - the ring "Wypy" {*Drain rCorr Str+5 Dex+4}
   (You bought it in a shop on level 1 of the Elven Halls)

   [ring of resist corrosion]

   It affects your strength (+5).
   It affects your dexterity (+4).
   It provides partial protection from all sources of acid and corrosion.
   It causes draining when unequipped.
 B - an amulet of guardian spirit (around neck)
 S - the ring of the Present {Wiz rC+ Int+4 Dex+2 Slay+2}
   (You took it off an orc on level 5 of the Vaults)

   [ring of wizardry]

   It improves your spell success rate.
   It affects your intelligence (+4).
   It affects your dexterity (+2).
   It affects your accuracy and damage with ranged weapons and melee attacks
   (+2).
   It protects you from cold.
 T - the ring "Yczocw" {+Inv rElec rPois rC+ rN+}
   (You took it off a deep elf blademaster on level 3 of the Elven Halls)

   [ring of poison resistance]

   It protects you from cold.
   It insulates you from electricity.
   It protects you from poison.
   It protects you from negative energy.
   It lets you turn invisible.
 W - a +5 ring of slaying (left hand)
Wands
 t - a wand of iceblast (61)
 C - a wand of digging (12)
 E - a wand of disintegration (130)
 F - a wand of scattershot (6)
 L - a wand of acid (8)
 Q - a wand of paralysis (45)
 Y - a wand of clouds (5)
Scrolls
 c - 21 scrolls of teleportation
 e - 4 scrolls of identify
 g - 7 scrolls of blinking
 i - 6 scrolls of magic mapping
 s - 14 scrolls of fog
 u - 4 scrolls of fear
 v - a scroll of enchant armour
 z - 10 scrolls of remove curse
 O - 2 scrolls of silence
 U - 4 scrolls of summoning
 X - 2 scrolls of holy word
Potions
 j - 7 potions of heal wounds
 k - a potion of mutation
 m - 15 potions of curing
 p - 5 potions of invisibility
 w - 4 potions of berserk rage
 K - 3 potions of agility
 M - 8 potions of ambrosia
 N - 10 potions of haste
 R - a potion of resistance
 V - 4 potions of cancellation
Comestibles
 f - 94 rations
 h - 16 chunks of flesh


   Skills:
 * Level 22.9 Fighting
 * Level 21.6 Axes
 - Level 1.7 Throwing
 + Level 21.4 Armour
 * Level 20.6 Dodging
 - Level 2.0 Stealth
   Level 1.7 Shields
 - Level 5.0 Spellcasting
 + Level 7.3 Hexes
 - Level 10.0 Evocations


You had 33 spell levels left.
You knew the following spells:

 Your Spells              Type           Power        Failure   Level  Hunger
a - Confusing Touch       Hex            ###...       12%         1    #......
b - Blink                 Tloc           N/A          98%         2    ##.....

Your spell library contained the following spells:

 Spells                   Type           Power        Failure   Level  Hunger
 Corona                   Hex            ###....      12%         1    #......
 Slow                     Hex            ###.....     19%         2    ##.....
 Confuse                  Hex            ###.....     34%         3    ###....
 Tukima's Dance           Hex            ###.....     34%         3    ###....
 Ensorcelled Hibernation  Hex/Ice        #.....       63%         2    ##.....
 Cause Fear               Hex            ###.......   75%         4    #####..
 Dazzling Spray           Conj/Hex       #.....       85%         3    ###....
 Inner Flame              Hex/Fire       #.......     85%         3    ###....
 Portal Projectile        Hex/Tloc       #.....       85%         3    ###....
 Spectral Weapon          Hex/Chrm       #.......     85%         3    ###....
 Animate Skeleton         Necr           N/A          94%         1    #......
 Apportation              Tloc           #.....       94%         1    #......
 Beastly Appendage        Tmut           #.....       94%         1    #......
 Flame Tongue             Conj/Fire      #....        94%         1    #......
 Freeze                   Ice            #...         94%         1    #......
 Infusion                 Chrm           #...         94%         1    #......
 Magic Dart               Conj           #...         94%         1    #......
 Pain                     Necr           #...         94%         1    #......
 Shock                    Conj/Air       #...         94%         1    #......
 Sting                    Conj/Pois      #...         94%         1    #......
 Summon Small Mammal      Summ           #...         94%         1    #......
 Call Imp                 Summ           #.......     98%         2    ##.....
 Poisonous Vapours        Pois/Air       #.....       98%         2    ##.....
 Shroud of Golubria       Chrm/Tloc      #.........   98%         2    ##.....
 Song of Slaying          Chrm           #.......     98%         2    ##.....
 Sticks to Snakes         Tmut           #.......     98%         2    ##.....
 Swiftness                Chrm/Air       #.......     98%         2    ##.....
 Throw Flame              Conj/Fire      #.....       98%         2    ##.....
 Throw Frost              Conj/Ice       #.....       98%         2    ##.....
 Leda's Liquefaction      Hex/Erth       #.........   99%         4    #####..
 Conjure Flame            Conj/Fire      #.......     100%        3    ###....
 Gell's Gravitas          Tloc           #.........   100%        3    ###....
 Ignite Poison            Fire/Tmut/Pois #.......     100%        3    ###....
 Mephitic Cloud           Conj/Pois/Air  #.......     100%        3    ###....
 Ozocubu's Armour         Chrm/Ice       #.......     100%        3    ###....
 Recall                   Summ/Tloc      N/A          100%        3    ###....
 Regeneration             Chrm/Necr      #.........   100%        3    ###....
 Spider Form              Tmut/Pois      #.........   100%        3    ###....
 Static Discharge         Conj/Air       #.......     100%        3    ###....
 Teleport Other           Tloc           #.......     100%        3    ###....
 Airstrike                Air            #.........   100%        4    #####..
 Animate Dead             Necr           N/A          100%        4    #####..
 Force Lance              Conj/Tloc      #.......     100%        4    #####..
 Ice Form                 Ice/Tmut       #.......     100%        4    #####..
 Olgreb's Toxic Radiance  Pois           #.......     100%        4    #####..
 Petrify                  Tmut/Erth      #.......     100%        4    #####..
 Sticky Flame             Conj/Fire      #.......     100%        4    #####..
 Summon Ice Beast         Ice/Summ       #.......     100%        4    #####..
 Summon Lightning Spire   Summ/Air       #.......     100%        4    #####..
 Throw Icicle             Conj/Ice       #.......     100%        4    #####..
 Agony                    Necr           #.......     100%        5    ######.
 Alistair's Intoxication  Tmut/Pois      #.......     100%        5    ######.
 Blade Hands              Tmut           #.........   100%        5    ######.
 Bolt of Magma            Conj/Fire/Erth #.........   100%        5    ######.
 Borgnjor's Vile Clutch   Necr/Erth      #.........   100%        5    ######.
 Dispel Undead            Necr           #.......     100%        5    ######.
 Fireball                 Conj/Fire      #.........   100%        5    ######.
 Irradiate                Conj/Tmut      #.........   100%        5    ######.
 Iskenderun's Battlesphe  Conj/Chrm      #.......     100%        5    ######.
 Lightning Bolt           Conj/Air       #.........   100%        5    ######.
 Metabolic Englaciation   Hex/Ice        #.........   100%        5    ######.
 Silence                  Hex/Air        #.........   100%        5    ######.
 Venom Bolt               Conj/Pois      #.........   100%        5    ######.
 Yara's Violent Unravell  Hex/Tmut       #.........   100%        5    ######.
 Bolt of Cold             Conj/Ice       #.........   100%        6    #######
 Bolt of Fire             Conj/Fire      #.........   100%        6    #######
 Conjure Ball Lightning   Conj/Air       #.........   100%        6    #######
 Death Channel            Necr           #.........   100%        6    #######
 Deflect Missiles         Chrm/Air       #.........   100%        6    #######
 Dispersal                Tloc           #.........   100%        6    #######
 Freezing Cloud           Conj/Ice/Air   #.........   100%        6    #######
 Iron Shot                Conj/Erth      #.........   100%        6    #######
 Ozocubu's Refrigeration  Ice            #.........   100%        6    #######
 Simulacrum               Ice/Necr       #.........   100%        6    #######
 Dragon Form              Tmut           #.........   100%        7    #######
 Haunt                    Necr/Summ      #.........   100%        7    #######
 Malign Gateway           Summ/Tloc      #.........   100%        7    #######
 Orb of Destruction       Conj           #.........   100%        7    #######
 Ring of Flames           Chrm/Fire      #.........   100%        7    #######
 Spellforged Servitor     Conj/Summ      #.........   100%        7    #######
 Borgnjor's Revivificati  Necr           #.........   100%        8    #######
 Controlled Blink         Tloc           N/A          100%        8    #######
 Death's Door             Chrm/Necr      #.........   100%        8    #######
 Discord                  Hex            ###.......   100%        8    #######
 Disjunction              Tloc           #.........   100%        8    #######
 Infestation              Necr           #.........   100%        8    #######
 Necromutation            Tmut/Necr      #.........   100%        8    #######
 Dragon's Call            Summ           #.........   100%        9    #######
 Shatter                  Erth           #.........   100%        9    #######
 Tornado                  Air            #.........   100%        9    #######
 Sublimation of Blood     Necr           Unusable     N/A         2    N/A
 Statue Form              Tmut/Erth      Unusable     N/A         6    N/A

Dungeon Overview and Level Annotations

Branches:
Dungeon (15/15)            Temple (1/1) D:5            Lair (6/6) D:10
 Shoals (4/4) Lair:2       Spider (4/4) Lair:3        Slime (0/5) Lair:5
    Orc (2/2) D:9             Elf (3/3) Orc:2        Vaults (5/5) D:13
  Crypt (3/3) Vaults:3       Tomb (1/3) Crypt:3      Depths (4/5) D:15

Altars:
Ashenzari
Cheibriados
Dithmenos
Elyvilon
Fedhas
Gozag
Hepliaklqana
Kikubaaqudgha
Makhleb
Nemelex Xobeh
Okawaru
Qazlal
Ru
Sif Muna
Trog
Uskayaw
Vehumet
Wu Jian
Xom
Yredelemnul
Zin
The Shining One
Jiyva
Lugonu

Shops:
D:7 *   Orc:1 [   Orc:2 (*[*   Elf:1 =*[=[   Elf:2 *   Vaults:1 }   Vaults:3 (
Depths:1 (}=}   Depths:2 **(

Portals:
Hell: Depths:1 Depths:2 Depths:3 Depths:4
Abyss: Depths:2 Depths:3 Depths:4
Pandemonium: Depths:1 Depths:3
Ziggurat: Depths:3


Innate Abilities, Weirdness & Mutations

You are resistant to torment.
Your stone body is resilient. (AC +20)
You are immune to poison.
Your large and strong wings let you fly indefinitely.
You resist negative energy. (rN+)
You are resistant to electric shocks. (rElec)
You can survive without breathing.
You are immune to petrification.
You are immune to rotting.


Message History

The death scarab drains your vigour!
You feel as though you will be slow longer.
The death scarab bites you but does no damage.
The death scarab completely misses you. The death scarab closely misses you.
The death scarab barely misses you. The death scarab closely misses you.
The death scarab barely misses you. x2; The death scarab misses you.
The death scarab bites you but does no damage. x2
The death scarab barely misses you. The death scarab bites you!
* * * LOW HITPOINT WARNING * * *
The death scarab bites you.
* * * LOW HITPOINT WARNING * * *
The death scarab bites you but does no damage.
The death scarab bites you!
* * * LOW HITPOINT WARNING * * *
The death scarab drains your vigour!
You feel as though you will be slow longer.
The death scarab closely misses you.
The death scarab bites you but does no damage.
The death scarab bites you!
You die...

* ** , *#.8...8.# , ,
,,,,, , ,, #.......#*, ,
,,, ,, ,,,,,*#.......# {
,, , ,, ,,, + *
#.8...8.#***{ ,, ,,, +*
*, ,*,, #.......#*{{ ,,,
,,*, ,* ,,*
*##'''''##*{{ ,, { , **
* *
##....sW.######****** *
,, , , ......ssss......
,,, *,
******,^...4.ss@W....##*
** , * ,
,.3....ssss....# ,,* ,,*
, , ,..M^..MssM....#,, ,
, , ,, ........M4.!..#∆
, , , ,,
,............M.# ,, *,,
** , **,...###M###M...#*
, *,, , *
,M.**..{**....# **** , ,
,, ,,*^..,, ..... , , *,
, ,,, , ,*,,*, ,, ,, ,
,*{


You could see 5 mummy priests, an orange demon, a guardian mummy, a ynoxinul, a
chaos spawn, 13 death scarabs, 2 shadows and 2 mummies.

Vanquished Creatures
  An ancient lich (Crypt:3)
  Mennas (Vaults:4)
  Sojobo (Vaults:4)
  Boris (thrice) (Depths:3 Crypt:2 Crypt:3)
  Margery (Crypt:1)
  2 caustic shrikes
  A golden dragon (Depths:2)
  A bone dragon (Crypt:3)
  Nikola (Spider:1)
  Arachne (Spider:4)
  2 tentacled monstrosities
  Rupert (Lair:3)
  A Hell Sentinel (Abyss:3)
  Jorgrun (Spider:1)
  6 titans
  Asterion (Spider:1)
  3 deep elf master archers (Elf:3)
  A quicksilver dragon (shapeshifter) (Depths:4)
  11 liches
  2 deep elf blademasters (Elf:3)
  10 sphinxes
  Gastronok (Lair:1)
  The ghost of Ilomov the Convoker, an adept OgSu of Hepliaklqana (Spider:3)
  7 tengu reavers
  4 shadow dragons (Vaults:5)
  2 storm dragons
  2 revenants (Crypt:2)
  Donald (Spider:1)
  Roxanne (Elf:1)
  An iron dragon (Vaults:5)
  7 fire giants
  2 ghost moths (Spider:4)
  Aizul (Vaults:3)
  A balrug (Depths:1)
  6 frost giants
  10 vault wardens
  5 deep elf sorcerers
  An emperor scorpion (shapeshifter) (Vaults:5)
  4 orc warlords
  8 war gargoyles
  4 ghouls
  4 emperor scorpions (Spider:4)
  A reaper (Crypt:2)
  2 curse skulls
  2 spriggan defenders
  13 ironheart preservers
  A caustic shrike skeleton (Depths:1)
  2 deep elf elementalists (Elf:3)
  19 very ugly things
  25 stone giants
  9 vampire knights
  A juggernaut skeleton (Crypt:1)
  8 deep elf demonologists
  The ghost of Dukluodd the Unseen, a journeyman HaGl of Dithmenos (Lair:5)
  Nessos (D:12)
  5 entropy weavers
  2 yellow draconians (WizLab)
  Azrael (D:12)
  A minotaur (Gauntlet)
  5 spark wasps
  3 deep elf annihilators
  A purple draconian (Abyss:3)
  2 eidola (Crypt:2)
  An ettin (shapeshifter) (Vaults:5)
  11 ettins
  3 jiangshi (Crypt:1)
  7 merfolk javelineers
  A mummy priest (Tomb:1)
  8 fire dragons
  3 crystal guardians (Crypt:3)
  18 yaktaur captains
  11 merfolk impalers
  5 deep elf high priests
  Josephine (Lair:5)
  Erolcha (D:9)
  6 hydras
  8 great orbs of eyes
  4 deep elf death magi
  2 spriggan air magi
  27 ogre magi
  A catoblepas (Gauntlet)
  9 ice dragons
  A quicksilver dragon skeleton (Crypt:3)
  2 rakshasas
  2 merfolk avatars
  31 vault guards
  2 merfolk aquamancers (Shoals:4)
  Erica (D:11)
  10 centaur warriors
  7 death knights
  3 alligator snapping turtles
  4 satyrs
  86 two-headed ogres
  6 death yaks (Lair:5)
  7 deep troll earth magi
  31 dancing weapons
  2 death scarabs (Tomb:1)
  5 tengu warriors
  5 vampire magi
  9 deep troll shamans
  An orc high priest (Elf:3)
  The ghost of mortelune the Geomancer, a novice GrEE of Ashenzari (D:9)
  A titan zombie (Crypt:3)
  A thrashing horror (WizLab)
  3 spriggan berserkers
  2 sun demons (Depths:1)
  A titan skeleton (Depths:1)
  A soul eater (Crypt:2)
  3 large abominations
  15 hell knights
  2 wretched stars (Abyss:3)
  6 iron trolls
  A storm dragon skeleton (Depths:1)
  34 deep elf knights
  45 skeletal warriors
  10 sea snakes
  5 shadow wraiths
  8 unseen horrors
  A deep troll (shapeshifter) (Vaults:2)
  28 deep trolls
  An iron giant zombie (Crypt:1)
  18 ironbrand convokers
  3 flayed ghosts
  A swamp dragon (Lair:6)
  A golden dragon zombie (Crypt:3)
  An orange crystal statue (D:11)
  2 wizards
  2 golden dragon skeletons
  15 necromancers
  22 deep elf archers
  3 glowing orange brains
  2 lindwurms
  13 phantasmal warriors
  6 harpies
  20 orc knights
  A mana viper (shapeshifter) (Gauntlet)
  A fire giant zombie (Abyss:3)
  48 ugly things
  Pikel (D:5)
  An iron dragon zombie (Crypt:2)
  15 orb spiders
  A tengu skeleton (Depths:1)
  An orc sorcerer (Elf:3)
  A frost giant zombie (Crypt:2)
  A wolf spider (shapeshifter) (Vaults:5)
  64 deep elf magi
  35 wolf spiders
  24 fauns
  3 moths of wrath (Spider:4)
  A shadow dragon skeleton (Depths:1)
  An oklob plant (Shoals:2)
  11 manticores
  7 cyclopes
  A salamander (shapeshifter) (Vaults:3)
  A shining eye (shapeshifter) (Vaults:4)
  4 frost giant skeletons
  An iron dragon skeleton (Depths:1)
  6 elephants
  Maurice (D:9)
  A fire giant skeleton (Depths:1)
  9 merfolk sirens
  16 vault sentinels
  4 water nymphs
  6 black mambas
  Joseph (D:9)
  A black mamba (shapeshifter) (Vaults:4)
  3 ice statues (IceCv)
  6 torpor snails
  2 gargoyles
  2 guardian serpents (Depths:2)
  A shock serpent skeleton (Crypt:3)
  A smoke demon (Abyss:3)
  2 molten gargoyles (Volcano)
  9 spiny frogs
  2 stone giant skeletons (Depths:1)
  2 spiny frogs (shapeshifter)
  An elephant slug zombie (Crypt:1)
  2 komodo dragons (shapeshifter) (Vaults:2)
  5 komodo dragons
  An efreet (D:15)
  13 demonic crawlers
  47 yaktaurs
  3 rime drakes
  An elf skeleton (Depths:1)
  A yaktaur (shapeshifter) (Depths:1)
  A kobold demonologist (D:14)
  3 spriggan skeletons (Depths:1)
  2 hellwings (D:10)
  11 ice devils
  19 freezing wraiths
  An ancient zyme (Abyss:3)
  A jumping spider (shapeshifter) (Vaults:2)
  4 guardian mummies (Tomb:1)
  33 merfolk
  3 polar bears
  3 tengu conjurers
  2 queen bees
  23 jumping spiders
  A pale draconian skeleton (Crypt:2)
  6 meliai
  2 hydra skeletons (Crypt:2)
  31 hornets
  4 tyrant leeches (Lair:6)
  11 trolls
  3 wind drakes
  25 slime creatures
  3 ettin zombies
  12 blink frogs
  12 hippogriffs
  6 dream sheep
  2 fire dragon zombies (Crypt:3)
  A meliai zombie (D:15)
  A dream sheep (shapeshifter) (Vaults:5)
  10 snapping turtles
  2 alligator zombies
  50 flying skulls
  9 water elementals
  Sigmund (D:4)
  63 redbacks
  3 spriggans (Depths:3)
  18 wraiths
  4 fire dragon skeletons (Depths:1)
  2 ice dragon skeletons (Crypt:3)
  6 air elementals
  4 shadows
  24 tarantellas
  A spriggan (shapeshifter) (Vaults:1)
  3 hogs (D:7)
  A wyvern (shapeshifter) (Gauntlet)
  2 wyverns
  A human (D:7)
  An elf zombie (Vaults:1)
  A basilisk (shapeshifter) (D:13)
  19 yaks
  8 fire bats
  Eustachio (D:5)
  5 steam dragons
  Menkaure (D:4)
  3 fire elementals
  2 hungry ghosts
  9 basilisks
  A black mamba skeleton (Crypt:3)
  4 golden eyes (Abyss:3)
  3 chaos spawn
  5 vampire mosquitoes
  8 wargs
  A soldier ant (shapeshifter) (Gauntlet)
  6 hell hounds
  An orb spider zombie (Crypt:2)
  12 water moccasins
  A water nymph skeleton (Crypt:2)
  A two-headed ogre zombie (D:9)
  3 acid dragons
  2 deep troll skeletons
  3 swamp drakes (Lair:6)
  9 porcupines
  6 ice beasts
  6 sky beasts
  A hornet zombie (D:10)
  3 human zombies
  2 phantoms (D:9)
  3 human skeletons
  A manticore zombie (Crypt:1)
  4 slaves
  An ettin simulacrum (Vaults:3)
  A black bear (D:10)
  3 necrophages
  46 orc warriors
  11 wolves
  10 boggarts (Vaults:1)
  A tengu (shapeshifter) (Vaults:3)
  25 centaurs
  2 eyes of draining
  58 ogres
  9 crocodiles
  Blork the orc (D:5)
  2 big kobolds
  18 bullfrogs
  4 yaktaur skeletons
  A torturous demonspawn simulacrum (Crypt:2)
  A wyvern zombie (D:8)
  2 earth elementals (Elf:3)
  A wyvern skeleton (D:13)
  3 scorpions
  A snapping turtle simulacrum (Abyss:3)
  A killer bee (shapeshifter) (Vaults:2)
  A water moccasin skeleton (D:7)
  A wight (Vaults:3)
  43 killer bees
  A human simulacrum (Vaults:1)
  2 troll zombies (D:9)
  An electric eel (Lair:5)
  A howler monkey (D:14)
  7 crimson imps
  A lava snake (Volcano)
  3 starcursed masses (Abyss:3)
  12 centaur zombies
  2 draconian simulacra (IceCv)
  A quasit (D:12)
  2 bullfrog zombies
  2 iron imps
  7 jellies
  29 orc priests
  5 hounds
  27 orc wizards
  2 bullfrog skeletons (D:10)
  3 centaur skeletons
  6 iguanas
  A black bear skeleton (Crypt:1)
  2 troll simulacra (IceCv)
  11 worker ants
  A spriggan simulacrum (IceCv)
  A felid zombie (Crypt:2)
  5 ogre zombies (D:9)
  2 centaur simulacra (IceCv)
  A crocodile zombie (Crypt:2)
  5 mummies (Tomb:1)
  9 gnolls
  2 howler monkey zombies
  6 adders
  A naga simulacrum (IceCv)
  2 ogre simulacra (IceCv)
  9 shadow imps
  2 white imps (Gauntlet)
  An ooze (Lair:5)
  2 adder skeletons
  2 adder zombies
  A lava snake skeleton (Crypt:2)
  2 worms
  8 leopard geckos
  110 orcs
  3 ball pythons
  9 giant cockroaches
  2 gnoll zombies (D:4)
  6 goblins
  10 hobgoblins
  11 jackals
  4 quokkas
  A river rat zombie (Crypt:2)
  2 bats
  8 frilled lizards
  A goblin zombie (D:9)
  3 hobgoblin skeletons (D:9)
  5 hobgoblin zombies (D:9)
  21 kobolds
  A leopard gecko zombie (Crypt:2)
  2 orc skeletons (D:9)
  14 orc zombies (D:9)
  A quokka skeleton (Crypt:2)
  A quokka zombie (D:5)
  4 rats (D:1)
  2 crawling corpses (Vaults:5)
  A fungus (Elf:2)
  3 plants
2451 creatures vanquished.

Vanquished Creatures (others)
  A deep elf knight (Vaults:4)
  An orc knight (Elf:3)
  A deep elf mage (Elf:2)
  An ugly thing (Depths:3)
  A merfolk (Shoals:3)
  An air elemental (Elf:3)
  An orc warrior (Vaults:1)
  2 jackals (D:9)
  A kobold (D:9)
  8 fungi
  17 plants
  A withered plant (Gauntlet)
36 creatures vanquished.

Grand Total: 2487 creatures vanquished

Notes
Turn   | Place    | Note
-------+----------+-------------------------------------------
     0 | D:1      | Borgoz the Gargoyle Gladiator began the quest for the Orb.
     0 | D:1      | Reached XP level 1. HP: 12/12 MP: 1/1
   211 | D:1      | Reached XP level 2. HP: 18/18 MP: 2/2
   610 | D:2      | Reached XP level 3. HP: 22/22 MP: 3/3
   639 | D:2      | Reached skill level 1 in Armour
  1422 | D:2      | Reached XP level 4. HP: 27/27 MP: 4/4
  2108 | D:3      | Reached XP level 5. HP: 32/32 MP: 5/5
  2133 | D:3      | Reached skill level 3 in Fighting
  2507 | D:3      | Reached skill level 1 in Evocations
  2618 | D:3      | Found a sparkling altar of Nemelex Xobeh.
  2795 | D:4      | Reached XP level 6. HP: 37/37 MP: 6/6
  2887 | D:4      | Found a basalt altar of Yredelemnul.
  2965 | D:4      | Noticed Menkaure
  3026 | D:4      | Killed Menkaure
  3080 | D:4      | Reached XP level 7. HP: 36/41 MP: 8/8
  3206 | D:4      | Reached skill level 5 in Maces & Flails
  3289 | D:5      | Entered Level 5 of the Dungeon
  3409 | D:5      | Got a bloodstained ring mail
  3443 | D:5      | Identified the +0 ring mail "Sisaaptu" {+Fly} (You found it
                  | on level 5 of the Dungeon)
  3488 | D:5      | Found a hazy altar of Hepliaklqana.
  3526 | D:5      | Noticed Sigmund
  3527 | D:5      | Noticed Pikel
  3674 | D:4      | Killed Sigmund
  3674 | D:4      | Reached skill level 4 in Fighting
  3709 | D:5      | Killed Pikel
  3709 | D:5      | Reached skill level 5 in Dodging
  3709 | D:5      | Reached XP level 8. HP: 36/48 MP: 9/9
  3796 | D:5      | Found a staircase to the Ecumenical Temple.
  3822 | Temple   | Entered the Ecumenical Temple
  3986 | Temple   | Became a worshipper of Ashenzari the Shackled
  4019 | D:5      | Noticed Blork the orc
  4039 | D:5      | Killed Blork the orc
  4332 | D:5      | Noticed Eustachio
  4340 | D:5      | Killed Eustachio
  4340 | D:5      | Reached skill level 5 in Fighting
  4347 | D:5      | Identified the Tome of Mutagenic Darkness
  4622 | D:6      | Reached XP level 9. HP: 50/54 MP: 10/10
  5249 | D:6      | Reached skill level 5 in Armour
  5453 | D:7      | Reached skill level 6 in Fighting
  5622 | D:7      | Reached XP level 10. HP: 60/60 MP: 11/11
  5910 | D:7      | Found Wyaliero's Elemental Accessories.
  6280 | D:8      | Reached skill level 7 in Fighting
  6414 | D:8      | Found an iron altar of Okawaru.
  6414 | D:8      | Found a hide-covered altar of Uskayaw.
  6444 | D:8      | Found a stormy altar of Qazlal.
  6447 | D:8      | Found an ancient bone altar of Kikubaaqudgha.
  6449 | D:8      | Found a shimmering altar of Xom.
  7102 | D:9      | Noticed Maurice
  7118 | D:9      | Killed Maurice
  7311 | D:9      | Noticed Erolcha
  7342 | D:9      | Noticed mortelune's ghost (novice GrEE)
  7409 | D:9      | Killed Erolcha
  7409 | D:9      | Reached XP level 11. HP: 66/67 MP: 12/12
  7414 | D:9      | Reached skill level 10 in Maces & Flails
  7711 | D:9      | Found a staircase to the Orcish Mines.
  7711 | D:9      | Reached * piety under Ashenzari
  7963 | D:9      | Noticed Joseph
  7985 | D:9      | Killed Joseph
  8071 | D:9      | Found a transporter.
  8075 | D:9      | Found a transporter.
  8164 | D:10     | Entered Level 10 of the Dungeon
  8272 | D:10     | Noticed a manticore
  8297 | D:10     | Killed a manticore
  8300 | D:10     | Killed an unseen horror
  8324 | D:10     | Reached skill level 8 in Fighting
  8666 | D:10     | Found a staircase to the Lair.
  9268 | D:10     | Reached XP level 12. HP: 75/75 MP: 14/14
  9478 | D:11     | Noticed Erica
  9510 | D:11     | Killed Erica
  9792 | D:11     | Identified Molism's Grimoire of Poisonous Black Arts
  9902 | D:11     | Reached skill level 9 in Fighting
 10370 | D:12     | Reached ** piety under Ashenzari
 10439 | D:12     | Identified the +4 war axe of Uwukhlap {flame, Str+5 Dex+3}
 10491 | D:12     | Noticed a four-headed hydra
 10511 | D:12     | Killed a four-headed hydra
 10511 | D:12     | Reached skill level 10 in Dodging
 10523 | D:12     | Noticed a four-headed hydra
 10535 | D:12     | Killed a four-headed hydra
 10663 | D:12     | Noticed a centaur warrior
 10829 | D:12     | Killed a centaur warrior
 11228 | D:12     | Found an ancient bone altar of Kikubaaqudgha.
 11505 | D:12     | Noticed Azrael
 11909 | D:13     | Reached XP level 13. HP: 77/80 MP: 16/16
 12861 | D:12     | Killed Azrael
 12969 | D:12     | Noticed Nessos
 12994 | D:12     | Killed Nessos
 12994 | D:12     | Reached skill level 10 in Fighting
 13620 | D:13     | Noticed a vault guard
 13644 | D:13     | Killed a vault guard
 13817 | D:13     | Reached *** piety under Ashenzari
 13872 | D:13     | Found a gate to the Vaults.
 14170 | D:14     | Reached skill level 10 in Armour
 14501 | D:14     | Identified the +3 ring mail "Osongopp" {*Slow rPois rN+
                  | MR+}
 15203 | D:15     | Entered Level 15 of the Dungeon
 15361 | D:15     | Gained mutation: Your large and strong wings let you fly
                  | indefinitely. [Gargoyle growth]
 15361 | D:15     | Reached XP level 14. HP: 51/88 MP: 17/17
 15834 | D:15     | Identified the ring "Karr" {Fire *Drain rElec Str+3 Int+2}
 16013 | Lair:1   | Entered Level 1 of the Lair of Beasts
 16013 | Lair:1   | Noticed Gastronok
 16025 | Lair:1   | Killed Gastronok
 16305 | Lair:1   | Reached **** piety under Ashenzari
 16987 | Lair:2   | Found a gate leading to a gauntlet.
 17043 | Lair:2   | Reached skill level 11 in Fighting
 17063 | Gauntlet | Entered a Gauntlet
 17063 | Gauntlet | Found a transporter.
 17063 | Gauntlet | Found a transporter.
 17063 | Gauntlet | Found a runed translucent gate.
 17063 | Gauntlet | Found a runed translucent gate.
 17063 | Gauntlet | Found a runed translucent gate.
 17064 | Gauntlet | Found a transporter.
 17065 | Gauntlet | Found a transporter.
 17065 | Gauntlet | Found a transporter.
 17068 | Gauntlet | Found a transporter.
 17075 | Gauntlet | Found a transporter.
 17076 | Gauntlet | Found a transporter.
 17077 | Gauntlet | Found a transporter.
 17079 | Gauntlet | Found a transporter.
 17088 | Gauntlet | Found a transporter.
 17093 | Gauntlet | Found a transporter.
 17299 | Gauntlet | Identified the +3 short sword "Ruptoh" {drain, rC+}
 17324 | Gauntlet | Got the mace of Xunerab {freeze, Int+2 SInv}
 17327 | Lair:2   | Identified the +5 mace of Xunerab {freeze, Int+2 SInv} (You
                  | found it in a Gauntlet)
 17426 | Lair:2   | Found a dark tunnel.
 17440 | Volcano  | Entered a volcano
 17561 | Volcano  | Found a burning altar of Makhleb.
 18052 | Lair:1   | Reached skill level 1 in Shields
 18052 | Lair:1   | Reached skill level 1 in Invocations
 18052 | Lair:1   | Reached XP level 15. HP: 95/95 MP: 18/18
 18464 | Lair:2   | Found a staircase to the Shoals.
 18699 | Lair:3   | Noticed Rupert
 18720 | Lair:3   | Killed Rupert
 18764 | Lair:3   | Found a frozen archway.
 18776 | IceCv    | Entered an ice cave
 19379 | IceCv    | Got the hand axe of Recklessness {chop, rC- rN+++ Int+2
                  | SInv}
 19512 | Lair:3   | Reached ***** piety under Ashenzari
 19589 | Lair:3   | Found a hole to the Spider Nest.
 20236 | Lair:4   | Reached XP level 16. HP: 100/101 MP: 19/19
 20298 | Lair:4   | Reached skill level 15 in Maces & Flails
 20348 | Lair:4   | Got the dire flail of Egingab {vamp, rF- Str+7}
 20349 | Lair:4   | Identified the +2 dire flail of Egingab {vamp, rF- Str+7}
                  | (You found it on level 4 of the Lair of Beasts)
 21073 | Lair:5   | Identified the Reference Book on Orientation
 21085 | Lair:5   | Reached skill level 12 in Fighting
 21612 | Lair:5   | Found a runed translucent door.
 21613 | Lair:5   | Found a viscous altar of Jiyva.
 21613 | Lair:5   | Found a staircase to the Slime Pits.
 21615 | Lair:5   | Noticed Josephine
 21621 | Lair:5   | Killed Josephine
 21709 | Lair:5   | Identified the +9 hand axe of Recklessness {chop, rC- rN+++
                  | Int+2 SInv} (You found it in an ice cave)
 21754 | Lair:5   | Found a shimmering altar of Xom.
 21754 | Lair:5   | Noticed Dukluodd's ghost (journeyman HaGl)
 21755 | Lair:5   | Found a runed translucent door.
 21774 | Lair:5   | Killed Dukluodd's ghost
 22117 | Lair:6   | Entered Level 6 of the Lair of Beasts
 22250 | Lair:6   | Found a runed translucent door.
 23645 | D:9      | Killed mortelune's ghost
 23696 | D:9      | Identified the +5 arbalest "Cosy" {velocity, *Slow rPois
                  | Str+4 Stlth+}
 24184 | D:15     | Identified the +5 arbalest "Cosy" {velocity, *Slow rPois
                  | Str+4 Stlth+}
 25162 | D:15     | Found a staircase to the Depths.
 25608 | Orc:1    | Entered Level 1 of the Orcish Mines
 25814 | Orc:2    | Entered Level 2 of the Orcish Mines
 26269 | Orc:1    | Reached XP level 17. HP: 68/108 MP: 20/20
 27001 | Orc:1    | Found Vaocs's Antique Armour Boutique.
 27009 | Orc:1    | Bought a pair of glowing gloves for 165 gold pieces
 27462 | Orc:2    | Found a staircase to the Elven Halls.
 27507 | Orc:2    | Found Wemy's Weapon Shop.
 27507 | Orc:2    | Found Hucac's Armour Shoppe.
 27547 | Orc:2    | Reached skill level 13 in Fighting
 27661 | Orc:2    | Found Peulem's General Store.
 27661 | Orc:2    | Found Qeivvin's General Store.
 27702 | Orc:2    | Bought a potion of haste for 130 gold pieces
 27703 | Orc:2    | Bought a scroll of blinking for 112 gold pieces
 27704 | Orc:2    | Bought the +1 pair of boots of the Morning {Dex+5} for 405
                  | gold pieces
 28228 | Shoals:1 | Entered Level 1 of the Shoals
 28231 | Shoals:1 | Identified the ring of the Stag {rPois rC+ MP+9}
 28759 | Shoals:1 | Reached ****** piety under Ashenzari
 28845 | Shoals:1 | Found an ornate altar of the Wu Jian Council.
 29437 | Shoals:2 | Found a snail-covered altar of Cheibriados.
 29671 | Shoals:2 | Learned a level 1 spell: Confusing Touch
 29674 | Shoals:2 | Learned a level 2 spell: Blink
 31007 | Shoals:3 | Reached skill level 1 in Spellcasting
 31011 | Shoals:3 | Reached skill level 1 in Hexes
 31639 | Shoals:3 | Reached XP level 18. HP: 65/116 MP: 21/21
 32196 | Shoals:4 | Entered Level 4 of the Shoals
 32204 | Shoals:4 | Reached skill level 5 in Evocations
 32257 | Shoals:4 | Got the uncursed chain mail "Ymmushee" {*Corrode rPois MR+}
 32268 | Shoals:4 | Identified the +7 chain mail "Ymmushee" {*Corrode rPois
                  | MR+} (You found it on level 4 of the Shoals)
 32590 | Shoals:4 | Identified the +5 mace "Diptiul" {drain, rPois rF- Stlth+}
 33005 | Shoals:4 | Reached skill level 14 in Fighting
 33185 | Shoals:4 | Reached skill level 15 in Dodging
 33205 | Shoals:4 | Got a barnacled rune of Zot
 33237 | Shoals:4 | Identified the +10 battleaxe "Aghaurph" {speed, rElec MR-
                  | Dex+5}
 34374 | Spider:1 | Entered Level 1 of the Spider Nest
 34376 | Spider:1 | Reached skill level 1 in Axes
 34802 | Spider:1 | Noticed Donald
 34809 | Spider:1 | Killed Donald
 34891 | Spider:1 | Noticed Nikola
 34903 | Spider:1 | Killed Nikola
 34903 | Spider:1 | Reached skill level 5 in Axes
 35091 | Spider:1 | Noticed Asterion
 35098 | Spider:1 | Killed Asterion
 35098 | Spider:1 | Reduced skill Maces & Flails to level 15
 35885 | Spider:2 | Noticed Jorgrun
 36105 | Spider:1 | Killed Jorgrun
 36643 | Spider:2 | Reached skill level 10 in Axes
 36643 | Spider:2 | Reached XP level 19. HP: 112/123 MP: 23/23
 37278 | Spider:3 | Found a large runed translucent door.
 37362 | Spider:3 | Found a large runed translucent door.
 37365 | Spider:3 | Noticed Ilomov's ghost (adept OgSu)
 37478 | Spider:3 | Got the uncursed robe "Pugig" {Str+4}
 37794 | Spider:3 | Reached skill level 15 in Fighting
 37945 | Spider:3 | Killed Ilomov's ghost
 37992 | Spider:4 | Entered Level 4 of the Spider Nest
 38125 | Spider:4 | Reached skill level 15 in Armour
 38226 | Spider:4 | HP: 6/124 [disintegration (52)]
 38311 | Spider:4 | Identified a scroll of acquirement
 38314 | Spider:4 | Noticed Arachne
 38352 | Spider:4 | Killed Arachne
 38963 | Spider:4 | Identified the +1 robe "Pugig" {Str+4} (You found it on
                  | level 3 of the Spider Nest)
 39399 | Spider:4 | Got a gossamer rune of Zot
 39771 | Vaults:1 | Entered Level 1 of the Vaults
 40198 | Vaults:1 | Found Gios's Gadget Shoppe.
 40259 | Vaults:1 | Reduced skill Maces & Flails to level 10
 40268 | Vaults:1 | Reached skill level 16 in Fighting
 40268 | Vaults:1 | Reached XP level 20. HP: 128/131 MP: 24/24
 41167 | Vaults:1 | Reached skill level 15 in Axes
 42502 | Vaults:2 | Reached skill level 17 in Fighting
 43136 | Vaults:3 | Reached XP level 21. HP: 139/139 MP: 25/25
 43315 | Vaults:3 | Found Goowkag's Weapon Boutique.
 43411 | Vaults:3 | Reduced skill Maces & Flails to level 5
 43652 | Vaults:3 | Found a staircase to the Crypt.
 44379 | Vaults:4 | Noticed Aizul
 44422 | Vaults:3 | Killed Aizul
 44625 | Vaults:4 | Reached skill level 18 in Fighting
 44676 | Vaults:4 | Noticed Sojobo
 44706 | Vaults:4 | Killed Sojobo
 45148 | Vaults:4 | Reduced skill Maces & Flails to level 1
 45199 | Vaults:4 | Reached XP level 22. HP: 147/147 MP: 26/26
 45267 | Vaults:4 | Noticed Mennas
 45287 | Vaults:4 | Killed Mennas
 45958 | Depths:1 | Entered Level 1 of the Depths
 46855 | Vaults:5 | Entered Level 5 of the Vaults
 47253 | Vaults:5 | Cast into level 3 of the Abyss (a deep elf demonologist)
 47368 | Abyss:3  | Reached skill level 19 in Fighting
 47480 | Vaults:5 | Escaped the Abyss
 48046 | Vaults:5 | Reached XP level 23. HP: 114/155 MP: 28/28
 48227 | Vaults:5 | Identified the +5 shortbow "Cot Pofo" {venom, *Corrode
                  | rElec rC+ Dex+3}
 48364 | Vaults:5 | Identified the ring of the Present {Wiz rC+ Int+4 Dex+2
                  | Slay+2}
 48590 | Vaults:5 | Got a silver rune of Zot
 48591 | Vaults:5 | Identified Advanced Steps in Theurgy
 48601 | Vaults:5 | Identified the ring of Jodiryago {rPois rC- Int+2 Stlth+}
 48723 | Vaults:5 | Identified the +5 great sword of Qurraopp {freeze, Str+4
                  | Int+4}
 48911 | Vaults:5 | Identified the +0 rapier of Incongruity {pierce, rF+ MP+9
                  | Str+2}
 49559 | Vaults:5 | Identified the +7 halberd of Doff {drain, +Blink rN+}
 49591 | Vaults:5 | Identified the +6 glaive "Rut Fya" {flame, -Tele rPois
                  | Str-2 Int+8}
 49753 | Vaults:5 | Reached skill level 20 in Fighting
 50524 | Elf:1    | Entered Level 1 of the Elven Halls
 50533 | Elf:1    | Found Zitunnak's General Store.
 50534 | Elf:1    | Found Ihethet's Jewellery Emporium.
 50534 | Elf:1    | Found Gaotynk's Antique Armour Shoppe.
 50542 | Elf:1    | Found Setes's Antique Armour Emporium.
 50583 | Elf:1    | Bought a scorched scale mail for 360 gold pieces
 50589 | Elf:1    | Bought a pair of runed gloves for 157 gold pieces
 50601 | Elf:1    | Identified the +4 scale mail of Card Tricks {-Cast *Drain
                  | Int+6 Slay+6} (You bought it in a shop on level 1 of the
                  | Elven Halls)
 50752 | Elf:1    | Found Ceghi's Jewellery Shop.
 50786 | Elf:1    | Noticed Roxanne
 50797 | Elf:1    | Killed Roxanne
 51000 | Elf:1    | Reached XP level 24. HP: 163/163 MP: 28/28
 51024 | Elf:1    | Identified Vehumet's Compendium of Confrontation
 51490 | Elf:2    | Found Sanwioc's Assorted Antiques.
 51628 | Elf:2    | Identified the +0 scimitar "Nyec" {drain, *Rage rElec
                  | Dex+3}
 51637 | Elf:2    | Found a deep blue altar of Sif Muna.
 51873 | Elf:2    | Found a huge runed translucent gate.
 51875 | Elf:2    | Found a huge runed translucent gate.
 51878 | Elf:2    | Found a huge runed translucent gate.
 51879 | Elf:2    | Found a huge runed translucent gate.
 51879 | Elf:2    | Found a huge runed translucent gate.
 52470 | Elf:3    | Entered Level 3 of the Elven Halls
 53161 | Elf:3    | Found a deep blue altar of Sif Muna.
 53607 | Elf:3    | Identified the cursed ring "Qakeb" {rElec Slay-3}
 53607 | Elf:3    | Identified the ring "Yczocw" {+Inv rElec rPois rC+ rN+}
 53608 | Elf:3    | Identified the +3 rapier of Death's Door {pierce, *Noise
                  | Int+2 Dex+5 SInv}
 53608 | Elf:3    | Identified the amulet "Xuoletz" {Fragile Regen+ Dex+5}
 53608 | Elf:3    | Identified the +4 rapier of Greed {speed, +Fly Str+7 Int-5}
 53616 | Elf:3    | Reached skill level 21 in Fighting
 53661 | Elf:3    | Got the uncursed chain mail "Jyeb" {Str+3}
 53672 | Elf:3    | Identified the +7 chain mail "Jyeb" {Str+3} (You found it
                  | on level 3 of the Elven Halls)
 53741 | Elf:3    | Identified the +1 mace "Impbane" {venom, Str+4}
 53947 | Elf:2    | Bought a polished ring mail for 270 gold pieces
 53960 | Elf:2    | Identified the +5 ring mail of the Heavens {-Cast rElec
                  | rC+++ MP+9} (You bought it in a shop on level 2 of the
                  | Elven Halls)
 54024 | Elf:1    | Bought the ring "Wypy" {*Drain rCorr Str+5 Dex+4} for 483
                  | gold pieces
 54073 | Elf:1    | Bought a cursed +5 ring of slaying for 1898 gold pieces
 54480 | Depths:1 | Reached XP level 25. HP: 127/171 MP: 24/28
 54526 | Depths:1 | Found Zefat's Gadget Boutique.
 54529 | Depths:1 | Found Yquw Qaw's Jewellery Emporium.
 54530 | Depths:1 | Found Jeddenn's Gadget Boutique.
 54600 | Depths:1 | Found a one-way gate leading to the halls of Pandemonium.
 55134 | Depths:1 | Found a shattered altar of Ashenzari.
 55143 | Depths:1 | Found Wighab's Weapon Shop.
 55278 | Depths:1 | Found a gateway to Hell.
 55949 | Depths:2 | Found Gozag's Antique Weapon Emporium.
 55954 | Depths:2 | Found an opulent altar of Gozag.
 55970 | Depths:2 | Found Gozag's Assorted Antiques.
 55983 | Depths:2 | Found Gozag's Assorted Antiques.
 56132 | Depths:2 | Found a magical portal.
 56147 | WizLab   | Entered The Roulette of Golubria
 56147 | WizLab   | Found a transporter.
 56154 | WizLab   | Found a corrupted altar of Lugonu.
 56158 | WizLab   | Upgraded the game from 0.24-a0-341-g52ca42d3ec to
                  | 0.24-a0-355-gbe4061de67
 56189 | WizLab   | Found a corrupted altar of Lugonu.
 56213 | WizLab   | Found a transporter.
 56248 | WizLab   | Found a transporter.
 56288 | WizLab   | Found a transporter.
 56356 | WizLab   | Identified the ring of Zofunkuh {+Fly Dex+3}
 56462 | Depths:2 | Bought a steaming war axe for 850 gold pieces
 56462 | Depths:2 | Identified the cursed +0 war axe of Bile {chop, -Tele rC+
                  | MR+ Stlth+} (You bought it in a shop on level 2 of the
                  | Depths)
 56716 | Depths:2 | Found a corrupted altar of Lugonu.
 56756 | Depths:2 | Found a one-way gate to the infinite horrors of the Abyss.
 57272 | Depths:3 | Found a gateway to a ziggurat.
 57349 | Depths:3 | Noticed Boris
 57356 | Depths:3 | Killed Boris
 57636 | Depths:3 | Reached skill level 5 in Hexes
 57842 | Depths:3 | Paralysed by a lich for 5 turns
 57860 | Depths:3 | Reached XP level 26. HP: 55/179 MP: 7/30
 58562 | Depths:4 | Reached skill level 5 in Spellcasting
 59044 | Depths:4 | Reached skill level 22 in Fighting
 59219 | Depths:4 | Identified the +7 hand axe "Syhehumu" {chop, rElec rC+
                  | Int+4}
 60364 | Crypt:1  | Entered Level 1 of the Crypt
 60646 | Crypt:1  | Noticed Margery
 60658 | Crypt:1  | Killed Margery
 61751 | Crypt:2  | Noticed Boris
 61763 | Crypt:2  | Killed Boris
 62202 | Crypt:2  | Reached XP level 27. HP: 173/186 MP: 28/30
 62803 | Crypt:3  | Entered Level 3 of the Crypt
 63054 | Crypt:3  | Noticed Boris
 63074 | Crypt:3  | Killed Boris
 63402 | Crypt:3  | Noticed an ancient lich
 63403 | Crypt:3  | Found a shimmering altar of Xom.
 63404 | Crypt:3  | Paralysed by an ancient lich for 2 turns
 63410 | Crypt:3  | Killed an ancient lich
 63797 | Crypt:3  | Got the cursed broad axe "Tutt" {flame, Int+4 Dex+4 Stlth-}
 63798 | Crypt:3  | Identified the cursed +3 broad axe "Tutt" {flame, Int+4
                  | Dex+4 Stlth-} (You found it on level 3 of the Crypt)
 63860 | Crypt:3  | Found a staircase to the Tomb.
 64133 | Tomb:1   | Entered Level 1 of the Tomb of the Ancients
 64289 | Tomb:1   | Paralysed by a sphinx for 6 turns
 64303 | Tomb:1   | Paralysed by a sphinx for 6 turns
 64470 | Tomb:1   | Reached skill level 10 in Evocations
 64474 | Tomb:1   | HP: 5/186 [death scarab (10)]
 64474 | Tomb:1   | Slain by a death scarab

Levels and vault maps discovered:
D:1:      psy_arrival_statuary, layout_rooms
D:2:      minmay_evil_eye, layout_rooms, first_ration
D:3:      layout_basic, nemelex_xobeh_ov_fountains_minmay, wad_orctagon
D:4:      layout_loops_cross, lemuel_zombie_altar_yredelemnul, uniq_menkaure
D:5:      layout_basic, kennysheep_little_box, minmay_temple_entry_ruins,
          uniq_eustachio, uniq_sigmund, uniq_pikel, uniq_blork_the_orc
D:6:      layout_gridville
D:7:      minmay_angry_zag, layout_rooms, nicolae_elemental_shop,
          grunt_livestock
D:8:      minmay_goldmine, layout_loops_ring,
          chequers_temple_overflow_minitemple
D:9:      layout_roguey, zombieorc2_lemuel, gammafunk_ghost_hive, uniq_erolcha,
          uniq_maurice, uniq_joseph
D:10:     cheibrodos_grave_circle, layout_rooms, erik_lair_orcish_takeover
D:11:     layout_cave_pools, minmay_protected_statue, uniq_erica
D:12:     layout_irregular_city, basic_altar, minmay_mirror_moons_of_madness,
          uniq_nessos, uniq_azrael
D:13:     layout_gridville, david_vaults_5
D:14:     layout_irregular_city, minmay_misc_feat_room, grunt_ministairs_9
D:15:     grunt_enter_depths_hoard, layout_stronghold, minmay_misc_feat_chi
Temple:   eino_narrow_crystal_temple
Lair:1:   layout_regular_city, mumra_transporter_accident, uniq_gastronok
Lair:2:   layout_hall_layers, elwin_shoals_entry_rocks, gauntlet_entry_generic,
          nicolae_volcano_entry_batcave, beast_lair_carwin_8, grunt_megastairs_5
Lair:3:   layout_regular_city, dummy_spider_entry,
          portal_ice_cave_entry_pillars_2, uniq_rupert
Lair:4:   layout_gridlike
Lair:5:   layout_roguey [special_room_bee], slime_altar_2, ebering_ghost_xom,
          serial_bayou_lake_a, uniq_josephine
Lair:6:   wormcave, layout_regular_city, guppyfry_lair_end_dragon
Shoals:1: layout_shoals, lemuel_altar_in_water
Shoals:2: layout_shoals, lemuel_oklob_altar
Shoals:3: layout_shoals, nicolae_shoals_siren_and_animal_friends
Shoals:4: shoals_end_simple, layout_shoals
Spider:1: layout_chambers, drop_trap, uniq_asterion, uniq_donald, uniq_nikola
Spider:2: layout_spider_delve, spiders_nest_hornet_nest, uniq_jorgrun
Spider:3: layout_chambers, ebering_ghost_disaster_area
Spider:4: guppyfry_spider_rune, uniq_arachne
Orc:1:    layout_caves, serial_shops, shop_fountains
Orc:2:    st_orc_ogre_mass, layout_diamond_mine
Elf:1:    layout_geoelf_grid, serial_shops, nicolae_shop_stone,
          minmay_elf_annihilation, st_stairs_9, drop_trap, minmay_shoptagon,
          uniq_roxanne
Elf:2:    layout_geoelf_octagon, serial_shops, shop, basic_altar
Elf:3:    elf_hall_gauntlet_narrow, layout_onion_city, basic_altar,
          elf_orc_summit_meeting
Vaults:1: v_rooms_2, hangedman_vaults_slice, v_misc_1, nicolae_vaults_network_s,
          ontoclasm_vaults_decontamination, ontoclasm_vaults_ring_large,
          v_misc_1, nicolae_vaults_windows_and_doors_thing,
          ontoclasm_vaults_pinch, hangedman_vaults_stretched_pinwheel,
          vaults_room_semicircle, nicolae_vaults_little_squares_1,
          ontoclasm_vaults_loading_screen, ontoclasm_vaults_shout,
          layout_vaults_omnicross, serial_shops, nicolae_shop_crystal
Vaults:2: hangedman_vaults_stretched_pinwheel, v_rooms_5, vaults_room_pool,
          nicolae_vaults_ring_of_whatevers, nicolae_vaults_little_squares_2,
          hangedman_vaults_variations, v_misc_1, v_pattern_5, v_misc_23,
          ontoclasm_vaults_claustrophobia, nicolae_vaults_what_the_h, v_rooms_5,
          v_misc_23, nicolae_vaults_little_squares_5,
          nicolae_vaults_ring_of_whatevers, layout_vaults_omnibox
Vaults:3: nicolae_vaults_network_periphery, nicolae_vaults_theta,
          vaults_standard_mumra_enter_the_diamond, ontoclasm_vaults_ring_square,
          minmay_crypt_entry_simple_statues, nicolae_vaults_alarming,
          nicolae_vaults_mini_display_case, layout_vaults_quadrants,
          serial_shops, shop_fountains
Vaults:4: nicolae_vaults_quadrants, v_misc_15, vaults_mumra_lcd,
          nicolae_vaults_ring_of_whatevers, hangedman_vaults_unwind,
          hangedman_vaults_slice, v_misc_30, vaults_mumra_hexcomb,
          hangedman_vaults_snaps, vaults_room_door_ring, layout_vaults_ring,
          uniq_sojobo, uniq_mennas, uniq_aizul
Vaults:5
Crypt:1:  layout_misc_corridors, uniq_margery
Crypt:2:  layout_catacombs, grunt_ministairs_7
Crypt:3:  cryptofortress_bobbens
Tomb:1
Depths:1: minmay_skeleton_keep, layout_long_grid, lightli_too_deep,
          serial_shops, shop_statue, grunt_pan_entry_spiral, st_stairs_5,
          nicolae_ashenzari_panopticon, serial_bayou_shore_a, minmay_shop_grove,
          serial_bayou_shore_b
Depths:2: kennysheep_gozag_temple, layout_twisted_cross, mu_enter_wizlab_7,
          minmay_misc_feat_cross, abyss_entry_flame_altar, hell_entry,
          minmay_misc_feat_tiny, minmay_staircase_windowed_large,
          serial_bayou_shore_b
Depths:3: minmay_outward_triangles, layout_basic, enter_ziggurat_f,
          serial_rivers, chequers_serial_rivers_micro_a,
          chequers_serial_rivers_micro_b, chequers_serial_rivers_large_a,
          chequers_serial_rivers_large_b, chequers_serial_rivers_micro_b,
          chequers_serial_rivers_room_b, abyss_entry, hell_entry, pan_entry,
          uniq_boris
Depths:4: minmay_the_grid_octo_tiled_squarecenter
          [minmay_the_grid_octo_odd_swirl, minmay_the_grid_octo_77,
          minmay_the_grid_octo_clover_2, minmay_the_grid_octo_horde,
          minmay_the_grid_square_5x5_megaprize_diamond,
          minmay_the_grid_square_5x5_checkered,
          minmay_the_grid_square_5x5_three_walls,
          minmay_the_grid_square_5x5_forky, minmay_the_grid_square_5x5_seven],
          layout_gridville, hangedman_abyss_or_decor_stabs, abyss_entry_crystal,
          grunt_hell_entry_dis_grunt

Skill      XL: |  1  2  3  4  5  6  7  8  9 10 11 12 13 14 15 16 17 18 19 20 21 22 23 24 25 26 27 |
---------------+----------------------------------------------------------------------------------+-----
Armour         | 1 2 3 4 5 7 8 9 10 11 12 13 14 15 17 18 19 20 21 | 21.4
Dodging        | 3 4 5 7 8 9 10 11 12 13 14 15 16 17 18 19 20 | 20.6
Maces & Flails | 4 6 7 8 9 11 12 13 14 16 17 14 10 8 0 |  0.0
Fighting       | 3 4 5 6 7 8 9 10 11 12 13 14 16 17 18 19 20 21 22 | 22.9
Evocations     | 1 2 3 4 5 7 8 9 10 | 10.0
Stealth        | 2 |  2.0
Shields        | 1 |  1.7
Invocations    | 1 0 |  0.0
Spellcasting   | 1 2 4 5 |  5.0
Hexes          | 1 3 5 6 7 |  7.3
Axes           | 10 14 15 17 18 19 20 21 | 21.6
Throwing       | |  1.7

Action                   |  1- 3 |  4- 6 |  7- 9 | 10-12 | 13-15 | 16-18 | 19-21 | 22-24 | 25-27 || total
-------------------------+-------+-------+-------+-------+-------+-------+-------+-------+-------++-------
Melee: Mace              |   176 |       |    21 |       |   237 |       |       |       |       ||   434
       Whip              |       |   188 |   338 |  1341 |   798 |       |       |       |       ||  2665
       Unarmed           |       |       |       |     5 |       |       |       |       |       ||     5
       Great mace        |       |       |       |       |   162 |  1686 |       |       |       ||  1848
       Battleaxe         |       |       |       |       |       |    66 |  1499 |  1255 |  1263 ||  4083
       Executioner's axe |       |       |       |       |       |       |       |       |    66 ||    66
Throw: Throwing net      |     2 |       |       |     1 |       |       |     2 |       |       ||     5
Invok: Curse Item        |       |       |       |     3 |       |     1 |     1 |     1 |       ||     6
       Transfer Knowledg |       |       |       |       |       |     1 |     4 |     1 |       ||     6
 Abil: Evoke Berserk Rag |       |       |       |     4 |     7 |     4 |     2 |     3 |       ||    20
       Fly               |       |       |       |       |     1 |       |       |       |       ||     1
Evoke: Wand              |       |       |     3 |     6 |     6 |       |     1 |       |       ||    16
  Use: Scroll            |     8 |     4 |     8 |    13 |     6 |    11 |     6 |     8 |     5 ||    69
       Potion            |       |     2 |     1 |     4 |     3 |     1 |     5 |       |     1 ||    17
 Stab: Held in net/web   |     2 |       |       |     3 |       |       |       |       |       ||     5
       Distracted        |       |       |       |       |       |       |     1 |     1 |       ||     2
  Eat: Chunk             |     2 |     5 |     9 |    26 |    20 |    41 |    24 |    27 |    25 ||   179
       Ration            |       |       |       |     1 |     4 |     5 |     2 |     1 |     3 ||    16
Armor: Leather armour    |    13 |       |       |       |       |       |       |       |       ||    13
       Ring mail         |    89 |    43 |    76 |       |       |       |       |       |       ||   208
       Plate armour      |       |       |    38 |   610 |   458 |   822 |       |       |       ||  1928
       Skin              |       |       |       |     1 |       |       |       |       |       ||     1
       Fire dragon scale |       |       |       |       |    10 |     5 |       |       |       ||    15
       Chain mail        |       |       |       |       |       |   207 |   556 |   339 |    97 ||  1199
       Gold dragon scale |       |       |       |       |       |       |       |       |   496 ||   496
Dodge: Dodged            |   142 |   110 |   211 |   765 |   694 |  2208 |  1506 |   807 |   727 ||  7170

Table legend:
 A = Non-vault XP
 B = Vault XP
 C = Vault XP percentage of total XP
 D = Non-vault monster count
 E = Vault monster count
 F = Vault count percentage of total count
                 A         B        C        D         E       F
            +---------+---------+-------+---------+---------+-------
      Total |  635051 |  686175 |  51.9 |    1500 |     946 |  38.7
            +---------+---------+-------+---------+---------+-------
        D:1 |      41 |       0 |   0.0 |      24 |       0 |   0.0
        D:2 |      24 |      22 |  47.8 |      12 |       6 |  33.3
        D:3 |     215 |      12 |   5.3 |      35 |       4 |  10.3
        D:4 |     206 |     414 |  66.8 |      19 |       4 |  17.4
        D:5 |     436 |     890 |  67.1 |      19 |       3 |  13.6
        D:6 |    1022 |       0 |   0.0 |      16 |       0 |   0.0
        D:7 |    1579 |    1457 |  48.0 |      24 |      11 |  31.4
        D:8 |    1165 |     200 |  14.7 |      27 |      11 |  28.9
        D:9 |    1319 |    4689 |  78.0 |      23 |      48 |  67.6
       D:10 |    2880 |    3942 |  57.8 |      23 |      23 |  50.0
       D:11 |    3372 |    1612 |  32.3 |      28 |       2 |   6.7
       D:12 |    5252 |    6657 |  55.9 |      35 |      13 |  27.1
       D:13 |    5278 |    1141 |  17.8 |      18 |       2 |  10.0
       D:14 |   10733 |    1395 |  11.5 |      25 |       5 |  16.7
       D:15 |   10294 |    1946 |  15.9 |      41 |       2 |   4.7
     Lair:1 |    1598 |    2297 |  59.0 |      11 |       1 |   8.3
     Lair:2 |    5035 |    3612 |  41.8 |      21 |      14 |  40.0
     Lair:3 |    2823 |    2882 |  50.5 |      10 |       1 |   9.1
     Lair:4 |    6872 |       0 |   0.0 |      27 |       0 |   0.0
     Lair:5 |    7110 |    6849 |  49.1 |      16 |      37 |  69.8
     Lair:6 |    6137 |   10542 |  63.2 |      25 |      32 |  56.1
   Shoals:1 |   10687 |       0 |   0.0 |      25 |       0 |   0.0
   Shoals:2 |   12398 |     527 |   4.1 |      23 |       1 |   4.2
   Shoals:3 |   13690 |    2913 |  17.5 |      26 |       5 |  16.1
   Shoals:4 |   18987 |   21665 |  53.3 |      39 |      35 |  47.3
   Spider:1 |   10429 |   11173 |  51.7 |      24 |       4 |  14.3
   Spider:2 |    9044 |    1392 |  13.3 |      33 |       5 |  13.2
   Spider:3 |   11949 |    2178 |  15.4 |      39 |       1 |   2.5
   Spider:4 |   17488 |   27362 |  61.0 |      47 |      45 |  48.9
      Orc:1 |    7886 |       0 |   0.0 |      54 |       0 |   0.0
      Orc:2 |    5701 |   16411 |  74.2 |      40 |      33 |  45.2
      Elf:1 |   10076 |    7279 |  41.9 |      17 |       9 |  34.6
      Elf:2 |   15849 |   23418 |  59.6 |      28 |      30 |  51.7
      Elf:3 |   20441 |   54150 |  72.6 |      35 |      50 |  58.8
   Vaults:1 |   28389 |   30854 |  52.1 |      60 |      49 |  45.0
   Vaults:2 |   32622 |   20331 |  38.4 |      61 |      34 |  35.8
   Vaults:3 |   44800 |   19835 |  30.7 |      68 |      24 |  26.1
   Vaults:4 |   58013 |   49517 |  46.0 |      94 |      33 |  26.0
   Vaults:5 |   23772 |  122102 |  83.7 |      32 |      96 |  75.0
    Crypt:1 |   24166 |    6324 |  20.7 |      35 |       7 |  16.7
    Crypt:2 |   29767 |    5323 |  15.2 |      45 |       9 |  16.7
    Crypt:3 |    6647 |   68314 |  91.1 |       1 |      91 |  98.9
     Tomb:1 |     735 |   17117 |  95.9 |       7 |      11 |  61.1
   Depths:1 |   22079 |   32701 |  59.7 |      29 |      56 |  65.9
   Depths:2 |   18416 |   10828 |  37.0 |      20 |       9 |  31.0
   Depths:3 |   59889 |   21046 |  26.0 |      78 |       7 |   8.2
   Depths:4 |   35226 |   44949 |  56.1 |      38 |      31 |  44.9
    Abyss:3 |   12514 |       0 |   0.0 |      23 |       0 |   0.0
      IceCv |       0 |    5651 | 100.0 |       0 |      24 | 100.0
    Volcano |       0 |    4134 | 100.0 |       0 |      13 | 100.0
     WizLab |       0 |    4126 | 100.0 |       0 |       6 | 100.0
   Gauntlet |       0 |    3996 | 100.0 |       0 |       9 | 100.0
            +---------+---------+-------+---------+---------+-------
